Map: Blackpink LE

Players

HeRoMaRinE

  • Race: Terran Terran
  • Spawn Location: 7:00

Neeb - Winner!

  • Race: Protoss Protoss
  • Spawn Location: 1:00

Event: WCS Leipzig 2018

VOD

Have the link to the VOD?

Description

Time

  • Played on: Jan. 27, 2018, 4:18 a.m.
  • Length: 10:16

All games in this series

Show
View Real Time Build Order
Export as new Build Order

HeRoMaRinE Terran 

Build Orders: Gas First Reaper Expand, Liberator Opening, Reaper Expand, MMM Bio 

Get SALT Encoding   

  12  0:00  SCV  
  13  0:12  SCV  
  14  0:17  Supply Depot  
  14  0:25  SCV  
  15  0:29  Refinery  
  15  0:38  SCV  
  16  0:45  Barracks  
  16  0:51  SCV  
  17  1:03  SCV  
  18  1:15  SCV  
  19  1:32  Orbital Command, Reaper  
  20  1:47  Command Center  
  20  1:54  Factory  
  20  1:59  SCV  
  21  2:07  Barracks Reactor  
  21  2:11  SCV  
  21  2:15  Supply Depot  
  22  2:17  Refinery  
  22  2:23  SCV  
  23  2:41  SCV  
  23  2:43  Hellion, Starport  
  26  2:44  Marine x2  
  27  2:53  SCV  
  28  3:03  Marine x2  
  30  3:05  SCV  
  30  3:18  Widow Mine  
  31  3:20  Liberator  
  31  3:25  SCV  
  31  3:37  SCV, Marine x2  
  31  3:39  Widow Mine, Orbital Command  
  39  3:45  Supply Depot  
  39  3:49  SCV  
  39  3:54  Marine x2  
  42  4:01  SCV  
  37  4:10  SCV  
  37  4:12  Marine x2  
  37  4:13  SCV  
  37  4:15  Factory Tech Lab  
  40  4:17  Barracks  
  40  4:22  SCV  
  38  4:26  SCV  
  38  4:31  Marine x2  
  38  4:34  SCV  
  38  4:37  Siege Tank  
  38  4:38  SCV  
  45  4:47  SCV  
  45  4:50  SCV, Engineering Bay  
  45  4:51  Marine x2  
  49  4:57  Supply Depot  
  49  4:59  SCV  
  50  5:02  SCV  
  51  5:08  Barracks Tech Lab  
  51  5:10  Siege Tank  
  51  5:12  Barracks  
  52  5:14  SCV x2  
  52  5:18  Marine  
  52  5:19  Marine  
  52  5:26  SCV x2  
  53  5:33  Stimpack  
  53  5:34  Terran Infantry Weapons Level 1, Starport Reactor  
  50  5:38  SCV, Marine x3  
  50  5:39  SCV  
  55  5:45  Supply Depot  
  55  5:50  SCV  
  55  5:51  SCV, Factory Reactor  
  55  5:56  Marine x2, Marauder  
  61  6:03  SCV, Supply Depot  
  62  6:05  Combat Shields  
  62  6:07  SCV, Marauder  
  58  6:15  SCV, Marine x2  
  58  6:18  Marauder  
  60  6:22  Medivac x2  
  64  6:26  Refinery  
  64  6:27  Refinery  
  64  6:28  Marine  
  64  6:33  Barracks x2  
  64  6:35  Marine x2  
  64  6:39  Factory Reactor  
  66  6:40  Supply Depot, Marauder  
  68  6:48  Marauder  
  68  6:50  Supply Depot  
  68  6:52  Marine  
  68  6:53  Marine  
  72  6:56  SCV x2  
  74  7:02  Marauder  
  76  7:09  Marauder  
  76  7:10  Marine x2  
  76  7:11  Supply Depot  
  80  7:17  Medivac x2  
  80  7:21  Widow Mine  
  80  7:22  Barracks Tech Lab  
  86  7:23  Marauder  
  86  7:24  Widow Mine  
  90  7:31  Marauder  
  90  7:32  Marine x4  
  90  7:36  Supply Depot  
  96  7:40  Concussive Shells  
  96  7:42  Marauder  
  98  7:45  Marauder  
  98  7:49  Marine x2  
  102  7:57  Supply Depot, Marine  
  102  7:58  Marine, Marauder  
  106  7:59  Supply Depot  
  106  8:00  Medivac  
  106  8:01  Medivac  
  110  8:13  Supply Depot  
  110  8:18  Widow Mine x2, Marauder  
  110  8:19  Marine x2  
  118  8:22  Marauder  
  99  8:38  Marine x2  
  99  8:39  Marine x2  
  99  8:40  Medivac x2, Marauder  
  101  8:47  Marauder x2  
  105  8:54  Widow Mine x2  
  109  8:56  Marine x2  
  109  8:58  Marine  
  109  9:01  Marauder  
  114  9:03  Marine  
  114  9:08  Marauder x2  
  111  9:14  Marine  
  111  9:15  Marine  
  111  9:16  Marine  
  107  9:17  Medivac x2  
  107  9:20  Widow Mine  
  107  9:21  Marine  
  107  9:22  Widow Mine  
  107  9:23  Marauder  
  118  9:29  Marauder x2  
  114  9:32  Marine  
  114  9:33  Marine x2  
  105  9:39  Marine  
  105  9:44  Marauder  
  110  9:45  Widow Mine  
  110  9:46  Widow Mine  
  110  9:49  Marine  
  110  9:50  Marine  
  110  9:51  Marauder x2  
  119  9:55  Marine  
Show
View Real Time Build Order
Export as new Build Order

Neeb Protoss - Winner!

Build Orders: 1 Gate Expand, Blink Stalkers 

Get SALT Encoding   

  12  0:00  Probe  
  13  0:13  Probe  
  14  0:18  Pylon  
  14  0:25  Probe (Chrono Boost)  
  15  0:37  Probe (Chrono Boost)  
  15  0:41  Gateway  
  16  0:46  Probe (Chrono Boost)  
  16  0:48  Assimilator  
  17  0:51  Probe  
  18  1:03  Probe  
  20  1:23  Nexus  
  19  1:31  Cybernetics Core  
  19  1:33  Probe  
  20  1:40  Assimilator  
  20  1:45  Probe  
  21  1:48  Pylon  
  21  1:57  Probe  
  22  2:05  Adept (Chrono Boost)  
  24  2:09  Probe  
  24  2:11  Warp Gate  
  25  2:21  Probe  
  26  2:24  Stalker (Chrono Boost)  
  28  2:35  Probe x2 (Chrono Boost)  
  29  2:42  Twilight Council  
  29  2:47  Stalker (Chrono Boost)  
  29  2:48  Probe (Chrono Boost)  
  29  2:51  Probe (Chrono Boost)  
  33  2:53  Probe (Chrono Boost)  
  33  2:57  Probe  
  35  3:02  Probe  
  36  3:09  Probe  
  37  3:14  Probe  
  37  3:15  Stalker  
  37  3:19  Blink (Chrono Boost)  
  38  3:22  Probe  
  38  3:23  Gateway  
  38  3:26  Probe  
  40  3:34  Probe  
  41  3:38  Probe, Pylon  
  42  3:43  Gateway  
  42  3:46  Probe, Stalker (Chrono Boost)  
  45  3:50  Probe, Pylon  
  46  3:58  Probe  
  47  4:03  Probe  
  48  4:10  Probe  
  48  4:13  Assimilator  
  48  4:15  Probe  
  48  4:16  Assimilator  
  50  4:17  Stalker  
  50  4:22  Probe, Stalker  
  55  4:27  Probe  
  56  4:33  Nexus  
  56  4:34  Probe  
  56  4:35  Pylon  
  55  4:39  Probe  
  55  4:43  Robotics Facility  
  56  4:46  Probe  
  56  4:52  Stalker x2  
  61  4:54  Probe  
  61  5:00  Stalker  
  61  5:01  Probe  
  61  5:06  Probe  
  65  5:13  Probe  
  66  5:18  Probe  
  65  5:25  Probe  
  65  5:27  Stalker x2  
  68  5:30  Probe  
  69  5:37  Probe, Forge  
  69  5:39  Forge  
  69  5:40  Pylon  
  70  5:44  Probe  
  70  5:45  Observer  
  70  5:46  Pylon  
  70  5:48  Probe  
  74  5:50  Probe  
  74  5:56  Probe, Sentry x3  
  81  5:58  Pylon  
  81  6:02  Probe  
  82  6:06  Immortal (Chrono Boost)  
  82  6:08  Probe  
  82  6:09  Probe  
  80  6:14  Probe  
  81  6:21  Probe x2  
  81  6:22  Pylon  
  81  6:23  Protoss Ground Armor Level 1 (Chrono Boost)  
  81  6:24  Protoss Ground Weapons Level 1 (Chrono Boost)  
  81  6:27  Gateway  
  81  6:30  Probe  
  82  6:33  Probe, Gateway  
  82  6:35  Gateway  
  82  6:37  Gateway  
  82  6:39  Gateway  
  83  6:40  Observer (Chrono Boost)  
  83  6:46  Nexus  
  84  6:47  Charge (Chrono Boost)  
  84  6:52  Pylon  
  84  6:55  Pylon  
  84  7:02  Gateway  
  84  7:07  Gateway, Immortal  
  88  7:11  Pylon  
  88  7:12  Probe  
  88  7:13  Probe  
  90  7:18  Zealot x3  
  90  7:22  Templar Archives  
  96  7:24  Pylon  
  95  7:35  Zealot x4  
  103  7:40  Zealot x3  
  103  7:41  Zealot  
  103  7:44  Protoss Ground Armor Level 2 (Chrono Boost)  
  111  7:46  Immortal  
  115  8:01  Stalker x5  
  125  8:18  Zealot x5  
  135  8:25  Probe  
  132  8:31  Pylon  
  126  8:35  Pylon  
  126  8:41  Forge  
  126  8:43  Stalker x9  
  126  8:47  Pylon  
  146  9:00  Stalker  
  146  9:03  Pylon  
  146  9:05  Pylon  
  138  9:10  Warp Prism  
  138  9:14  Zealot x8  
  152  9:23  Pylon  
  152  9:25  Dark Shrine  
  138  9:42  Zealot x7  
  138  9:43  Zealot x2  
  150  9:50  Pylon  
  132  10:08  Zealot x9  
Tags
 
Add a new tag
Caveats
  • Supply blocks, unpowered buildings, or Contaminate may cause inaccurate times.
  • Supply counts are checked every 10 seconds.